Map: [ESL] Goldenaura

Players

Stats - Winner!

  • Race: Protoss Protoss
  • League: Master
  • Spawn Location: 12:00

Coffeeame (Coffee)

  • Race: Terran Terran
  • League: Grandmaster
  • Spawn Location: 5:00

Event: IEM Katowice 2024

VOD

Have the link to the VOD?

Description

Time

  • Played on: Dec. 6, 2023, 5:11 a.m.
  • Length: 12:59

All games in this series

Show
View Real Time Build Order
Export as new Build Order

Stats Protoss - Winner!

Build Orders: 1 Gate Expand, Phoenix Opening, Blink Stalkers, Zealot Archon 

Get SALT Encoding   

  12  0:00  Probe  
  13  0:12  Probe  
  14  0:19  Pylon  
  14  0:24  Probe (Chrono Boost)  
  15  0:37  Gateway  
  15  0:38  Probe (Chrono Boost)  
  16  0:46  Probe (Chrono Boost)  
  16  0:48  Assimilator  
  17  0:52  Probe  
  18  1:04  Probe  
  19  1:16  Probe  
  20  1:25  Cybernetics Core  
  20  1:33  Nexus  
  20  1:35  Probe  
  21  1:43  Pylon  
  21  1:47  Assimilator  
  21  1:50  Probe  
  22  1:58  Adept (Chrono Boost)  
  22  2:02  Probe (Chrono Boost)  
  22  2:03  Warp Gate  
  25  2:12  Shield Battery  
  25  2:14  Probe (Chrono Boost)  
  26  2:19  Probe (Chrono Boost)  
  29  2:29  Probe  
  30  2:40  Twilight Council  
  28  2:46  Probe (Chrono Boost)  
  28  2:51  Probe (Chrono Boost)  
  32  2:52  Sentry  
  32  2:54  Probe (Chrono Boost)  
  32  2:58  Probe (Chrono Boost)  
  34  3:00  Probe  
  34  3:01  Gateway  
  35  3:08  Gateway  
  35  3:09  Probe  
  35  3:12  Blink (Chrono Boost), Probe  
  37  3:21  Probe  
  37  3:25  Phoenix, Probe  
  39  3:33  Probe  
  40  3:37  Probe  
  41  3:41  Pylon  
  41  3:45  Nexus, Probe  
  42  3:49  Pylon  
  42  3:54  Stalker  
  42  3:55  Probe  
  45  3:57  Probe  
  45  4:02  Stalker  
  48  4:05  Stalker  
  48  4:09  Assimilator  
  50  4:11  Probe x2  
  52  4:17  Assimilator  
  52  4:19  Pylon  
  52  4:24  Probe (Chrono Boost)  
  53  4:27  Probe (Chrono Boost)  
  53  4:36  Probe (Chrono Boost)  
  55  4:39  Forge  
  55  4:40  Probe (Chrono Boost)  
  55  4:41  Probe (Chrono Boost)  
  55  4:43  Stalker x2  
  59  4:48  Probe  
  59  4:50  Probe  
  60  4:59  Charge  
  60  5:02  Templar Archives  
  60  5:03  Probe (Chrono Boost)  
  60  5:05  Probe (Chrono Boost)  
  60  5:06  Probe (Chrono Boost)  
  63  5:07  Protoss Ground Armor Level 1 (Chrono Boost)  
  63  5:12  Gateway  
  65  5:14  Probe (Chrono Boost)  
  65  5:16  Probe (Chrono Boost)  
  65  5:17  Probe (Chrono Boost)  
  66  5:22  Gateway  
  66  5:27  Probe x2  
  66  5:28  Probe  
  69  5:32  Gateway  
  69  5:33  Gateway  
  69  5:35  Gateway  
  69  5:37  Pylon  
  69  5:41  Stalker  
  71  5:43  High Templar x2  
  75  5:52  Archon, Probe x3  
  75  5:54  Shield Battery  
  78  5:58  Robotics Facility  
  78  6:02  Pylon  
  78  6:04  Probe x3  
  78  6:05  Photon Cannon  
  78  6:06  High Templar x2  
  85  6:12  Archon, Pylon  
  85  6:20  Zealot x3  
  85  6:24  Pylon  
  91  6:26  Pylon  
  91  6:34  Photon Cannon  
  91  6:40  High Templar x2, Zealot x5  
  91  6:41  Zealot  
  91  6:42  Assimilator  
  91  6:45  Assimilator  
  108  6:47  Observer  
  108  6:48  Forge  
  108  6:50  Probe x3  
  108  6:53  Archon  
  111  7:02  Probe x3  
  106  7:10  Zealot  
  106  7:11  Zealot x5  
  106  7:12  Observer  
  106  7:14  Zealot x2, Protoss Ground Armor Level 2 (Chrono Boost), Protoss Ground Weapons Level 1 (Chrono Boost)  
  93  7:33  Zealot x3  
  93  7:34  Zealot  
  93  7:36  Warp Prism  
  103  7:45  High Templar x2  
  103  7:46  Stalker x2  
  103  7:50  Archon  
  111  8:00  Nexus  
  95  8:09  Zealot x6, Immortal  
  99  8:26  Zealot x2  
  95  8:32  High Templar x4  
  95  8:33  Zealot x2  
  107  8:38  Archon x2  
  106  8:42  Gateway  
  106  8:44  Gateway  
  106  8:45  Immortal, Pylon  
  106  8:48  Shield Battery  
  110  8:50  Shield Battery  
  110  9:01  High Templar x2  
  110  9:02  Zealot x2  
  118  9:06  Archon, Protoss Ground Armor Level 3 (Chrono Boost)  
  112  9:14  Zealot x4  
  110  9:21  Probe x3  
  111  9:25  Observer (Chrono Boost)  
  111  9:26  High Templar  
  111  9:27  High Templar  
  116  9:32  Archon  
  116  9:38  Zealot x5  
  116  9:39  Zealot  
  116  9:40  Protoss Ground Weapons Level 2 (Chrono Boost)  
  128  9:48  Probe x3  
  128  9:49  Probe  
  128  9:51  Pylon  
  132  9:56  Immortal  
  130  10:00  Zealot x3  
  130  10:01  Zealot x2  
  130  10:07  Psionic Storm  
  128  10:09  Zealot x3  
  128  10:11  Observer  
  128  10:13  Observer  
  122  10:20  High Templar x2  
  126  10:24  Assimilator  
  126  10:25  High Templar, Assimilator  
  126  10:26  Zealot x3  
  132  10:35  High Templar  
  132  10:36  Zealot x3  
  132  10:37  Warp Prism (Chrono Boost)  
  142  10:44  Probe x2  
  142  10:45  Probe x2  
  142  11:02  Photon Cannon  
  142  11:03  Photon Cannon  
  142  11:05  High Templar x4  
  142  11:06  Zealot x3  
  142  11:09  Archon x2  
  151  11:25  Zealot x3  
  151  11:30  Nexus  
  151  11:31  Pylon  
  151  11:34  Pylon  
  151  11:35  Observer  
  151  11:36  Pylon  
  151  11:37  Pylon  
  151  11:38  Pylon  
  152  11:46  Zealot x2  
  152  11:51  Zealot  
  152  11:52  Zealot x7  
  164  12:10  Observer  
  164  12:15  Zealot x6  
  163  12:16  Zealot x3  
  149  12:39  Stalker x2  
  149  12:40  Stalker x7  
  149  12:43  Stalker  
Show
View Real Time Build Order
Export as new Build Order

Coffeeame Terran 

Build Orders: Reaper Expand 

Get SALT Encoding   

  12  0:00  SCV  
  13  0:12  SCV  
  14  0:17  Supply Depot  
  14  0:24  SCV  
  15  0:38  SCV  
  15  0:39  Barracks  
  16  0:44  Refinery  
  16  0:50  SCV  
  17  1:02  SCV  
  18  1:15  SCV  
  19  1:26  Reaper  
  19  1:27  Orbital Command  
  20  1:40  Command Center  
  20  1:47  Supply Depot  
  20  1:53  SCV  
  21  1:58  Marine  
  22  2:05  SCV  
  22  2:08  Factory  
  23  2:16  Bunker  
  23  2:17  SCV  
  23  2:22  Barracks Reactor  
  24  2:27  Refinery  
  24  2:29  SCV  
  25  2:42  SCV  
  26  2:52  Orbital Command  
  26  2:54  SCV, Starport  
  27  2:59  Marine x2  
  27  3:00  Widow Mine  
  31  3:06  SCV  
  32  3:14  Supply Depot  
  32  3:17  Marine x2  
  32  3:18  SCV  
  35  3:22  SCV  
  36  3:30  SCV  
  36  3:31  Widow Mine, Medivac  
  41  3:35  Barracks  
  41  3:39  SCV  
  42  3:42  Marine, SCV  
  42  3:43  Marine  
  45  3:51  SCV  
  45  3:53  Factory Tech Lab  
  45  3:54  SCV  
  47  4:00  Marine x2  
  49  4:03  SCV  
  49  4:06  SCV  
  49  4:07  Supply Depot  
  51  4:15  SCV  
  51  4:16  Factory Tech Lab  
  54  4:17  Raven, Interference Matrix  
  54  4:22  Barracks, SCV  
  54  4:27  Supply Depot  
  54  4:29  Marine x2  
  54  4:30  Refinery  
  56  4:31  Engineering Bay  
  56  4:32  Supply Depot  
  56  4:39  SCV x2  
  56  4:43  Stimpack, Marine  
  59  4:49  Marine x2  
  59  4:51  SCV x2  
  63  4:59  Terran Infantry Weapons Level 1, Supply Depot  
  63  5:00  Supply Depot  
  63  5:03  Marine, SCV x2  
  66  5:07  Marine x2  
  68  5:15  SCV x2  
  68  5:20  Combat Shield  
  70  5:22  Starport Reactor, Factory Reactor, Marauder x2  
  70  5:25  Refinery  
  70  5:26  Marine x2  
  70  5:27  SCV x2  
  78  5:33  Supply Depot x2  
  78  5:43  Marauder x2  
  78  5:44  Marine x2  
  84  5:51  Supply Depot  
  84  5:52  Supply Depot  
  83  5:59  Medivac x2  
  83  6:00  Widow Mine  
  83  6:01  Widow Mine  
  91  6:06  Command Center  
  91  6:11  Marauder x2  
  95  6:12  Marine x2  
  97  6:24  Barracks, Concussive Shells  
  97  6:25  Barracks  
  97  6:32  Marauder x2  
  101  6:34  Marine x2  
  101  6:37  Medivac x2  
  101  6:38  Widow Mine  
  109  6:41  Widow Mine  
  111  6:49  Armory  
  111  6:53  Terran Infantry Armor Level 1  
  110  7:02  Marauder x2  
  89  7:23  Marauder  
  89  7:28  Barracks Reactor, Barracks Tech Lab, Marine x2  
  89  7:29  Widow Mine x2  
  93  7:31  SCV  
  93  7:32  SCV  
  95  7:40  Marauder  
  95  7:41  Medivac  
  95  7:42  Medivac  
  95  7:43  SCV  
  95  7:44  Marauder, SCV  
  103  7:50  Supply Depot x2, Ghost Academy  
  105  7:53  Marine x2  
  105  7:54  Marauder  
  105  7:56  SCV x2  
  104  8:07  Widow Mine x2  
  104  8:08  Marauder x2  
  104  8:10  Marine  
  106  8:15  Marine  
  106  8:16  Marauder  
  98  8:27  Marine x2  
  98  8:28  Marine, SCV  
  98  8:29  Orbital Command, Marauder x2, SCV  
  103  8:40  SCV  
  104  8:42  Widow Mine x2  
  104  8:43  Medivac x2  
  104  8:45  SCV  
  115  8:50  Marine x4  
  115  8:52  SCV  
  115  8:54  Ghost  
  115  8:55  Ghost  
  124  8:56  Ghost  
  124  8:58  SCV  
  113  9:17  Marine x4  
  113  9:18  Widow Mine x2  
  113  9:20  SCV x2  
  113  9:22  Bunker  
  113  9:23  Supply Depot  
  123  9:24  Supply Depot  
  123  9:28  Ghost x2  
  123  9:29  Marine  
  128  9:32  SCV x2  
  129  9:39  Marine x2  
  129  9:40  Marine x2  
  129  9:41  Missile Turret  
  133  9:48  Terran Infantry Weapons Level 2  
  133  9:52  Refinery x2  
  126  10:10  Ghost x3  
  126  10:11  Marine x3  
  126  10:12  Marine  
  130  10:21  Command Center  
  130  10:24  Engineering Bay  
  130  10:29  Widow Mine x2  
  130  10:31  Marine x4  
  138  10:39  Missile Turret  
  138  10:41  Marauder x3  
  146  10:45  Viking  
  146  10:46  Viking  
  147  10:58  Marine x4, Widow Mine x2  
  147  11:02  Sensor Tower  
  155  11:11  Marauder x3  
  161  11:25  Liberator x2  
  167  11:26  Widow Mine  
  167  11:27  Widow Mine  
  171  11:35  Marine x2  
  171  11:36  Marine x2  
  171  11:37  Marauder x3  
  181  11:40  Barracks, SCV  
  181  11:42  Supply Depot  
  181  11:43  Barracks x2, SCV  
  183  11:53  Sensor Tower  
  180  12:03  Marine x4  
  180  12:04  Marauder x3  
  161  12:25  Marauder  
  161  12:27  Marauder x2  
  161  12:29  Marine x2  
  152  12:30  Marine  
  116  12:41  Marine x2  
  118  12:44  Barracks Tech Lab  

Tags
 
Add a new tag
Caveats
  • Supply blocks, unpowered buildings, or Contaminate may cause inaccurate times.
  • Supply counts are checked every 10 seconds.